 Dungeon Crawl Stone Soup version 0.23.2-1-ga50397a (webtiles) character file.

Game seed: 700034997464331326

348 schauveau the Sneak (level 6, 0/42 HPs)
             Began as an Octopode Assassin on May 2, 2019.
             Slain by Grinder (9 damage)
             ... while paralysed by Grinder
             ... on level 3 of the Dungeon.
             The game lasted 00:04:19 (2668 turns).

schauveau the Sneak (Octopode Assassin)             Turns: 2668, Time: 00:04:19

Health: 0/42       AC:  1    Str: 11    XL:     6   Next: 60%
Magic:  6/6        EV:  2    Int: 13    God:
Gold:   99         SH:  0    Dex: 15    Spells: 5/5 levels left

rFire    . . .     SeeInvis .   b - +0 blowgun
rCold    . . .     Gourm    .   (no shield)
rNeg     . . .     Faith    .   (helmet restricted)
rPois    .         Spirit   .   (no amulet)
rElec    .         Reflect  .   (no ring)
rCorr    .         Harm     .   (no ring)
MR       .....                  (no ring)
Stlth    ++++......             (no ring)
HPRegen  0.14/turn              (no ring)
MPRegen  0.10/turn              (no ring)
                                (no ring)
                                (no ring)

@: paralysed
A: almost no armour, stealthy swim, amphibious, 8 rings, constrict 8, camouflage
1, gelatinous body 1
a: no special abilities


You were on level 3 of the Dungeon.
You were not hungry.

You visited 1 branch of the dungeon, and saw 3 of its levels.

You collected 99 gold pieces.

Inventory:

Hand Weapons
 a - a +2 short sword of protection
 b - a +0 blowgun (weapon)
 m - a +2 dagger
Missiles
 c - a poisoned needle (quivered)
 d - 2 curare-tipped needles
 e - 37 stones
 k - 25 arrows
Jewellery
 j - a +1 ring of evasion {unknown}
Scrolls
 i - 3 scrolls of identify {unknown}
 p - 2 scrolls of teleportation {unknown}
Potions
 g - 2 potions of berserk rage {unknown}
 h - a potion of brilliance {unknown}
 l - a potion of flight {unknown}
 o - a potion of invisibility {unknown}
Comestibles
 f - 4 rations
 n - 10 chunks of flesh


   Skills:
 + Level 3.2 Fighting
 + Level 3.1 Short Blades
 * Level 4.2 Throwing
 + Level 2.6 Dodging
 + Level 6.5 Stealth


You had 5 spell levels left.
You didn't know any spells.
Your spell library was empty.

Dungeon Overview and Level Annotations

Branches:
Dungeon (3/15)

Altars:

Annotations:
D:3 Grinder


Innate Abilities, Weirdness & Mutations

You cannot wear most types of armour.
You are very stealthy in the water. (Stealth+)
You are amphibious.
You can wear up to eight rings at the same time.
You can use your tentacles to constrict eight enemies at once.
Your skin changes colour to match your surroundings (Stealth+).
Your rubbery body absorbs attacks. (AC +1, EV +1)


Message History

You shoot a poisoned needle.
The poisoned needle completely misses Grinder.
Grinder barely misses you.
Firing (i - inventory. (/) - cycle)
c - 3 poisoned needles (quivered)
Press: ? - help, Shift-Dir - straight line, f/p - Grinder
Aim: Grinder (moderately wounded, poisoned)
You shoot a poisoned needle. The poisoned needle hits Grinder.
Grinder is moderately wounded.
Firing (i - inventory. (/) - cycle)
c - 2 poisoned needles (quivered)
Press: ? - help, Shift-Dir - straight line, f/p - Grinder
Aim: Grinder (moderately wounded, poisoned)
You shoot a poisoned needle.
The poisoned needle closely misses Grinder.
Grinder gestures at you.
You suddenly lose the ability to move!
Grinder gestures at you. Pain shoots through your body!
* * * LOW HITPOINT WARNING * * *
Grinder hits you!
You die...

.....5..##.#.###..##
.g.(........)# #....
...(###.##.#.###..##
# #(# #)##.#......##
#.# #รท##..........
#(# #)####.#.####. #
#.# #.# #.#.## #.
#.#5###.# #.#..# #.
#..@....# #.##.###.
###^##### #........
...# ####.#### #####
#.....# #..##.#
#..##.# #......
#.###.# #.# #.#


You could see Grinder.

Vanquished Creatures
  Sigmund (D:3)
  A bullfrog (D:3)
  A gnoll (D:1)
  4 adders
  An ooze (D:1)
  4 dart slugs
  5 giant cockroaches
  7 goblins
  12 hobgoblins
  4 jackals (D:2)
  8 kobolds
  2 quokkas
  5 bats
  7 frilled lizards
  10 rats
72 creatures vanquished.

Notes
Turn   | Place    | Note
-------+----------+-------------------------------------------
     0 | D:1      | schauveau the Octopode Assassin began the quest for the
                  | Orb.
     0 | D:1      | Reached XP level 1. HP: 14/14 MP: 1/1
   191 | D:1      | Reached XP level 2. HP: 7/19 MP: 2/2
  1058 | D:1      | Reached XP level 3. HP: 24/24 MP: 3/3
  1545 | D:2      | Reached XP level 4. HP: 23/30 MP: 4/4
  2490 | D:3      | Noticed a bullfrog
  2493 | D:3      | Killed a bullfrog
  2493 | D:3      | Reached skill level 6 in Stealth
  2493 | D:3      | Reached XP level 5. HP: 36/36 MP: 5/5
  2587 | D:3      | Noticed Sigmund
  2603 | D:3      | Killed Sigmund
  2603 | D:3      | Reached XP level 6. HP: 21/42 MP: 6/6
  2640 | D:3      | Noticed Grinder
  2649 | D:3      | Paralysed by Grinder for 2 turns
  2660 | D:3      | Paralysed by Grinder for 2 turns
  2666 | D:3      | Paralysed by Grinder for 5 turns
  2668 | D:3      | Slain by Grinder

Skill      XL: |  1  2  3  4  5 |
---------------+----------------+-----
Throwing       | 3 4 |  4.2
Dodging        | 2 |  2.6
Stealth        | 6 |  6.5
Fighting       | 3 |  3.2
Short Blades   | 3 |  3.1

Action                   |  1- 3 |  4- 6 || total
-------------------------+-------+-------++-------
Melee: Dagger            |    56 |    19 ||    75
       Constrict         |     8 |    22 ||    30
       Tentacles         |     7 |    15 ||    22
       Short sword       |       |    51 ||    51
 Fire: Blowgun           |     6 |    15 ||    21
 Stab: Sleeping          |    12 |    13 ||    25
  Eat: Chunk             |     2 |     3 ||     5
Armor: Skin              |       |     8 ||     8
Dodge: Dodged            |    20 |    39 ||    59
